 Dungeon Crawl Stone Soup version 0.28.0-53-g5a82cb258f (webtiles) character file.

Game seed: 118763024631186820

35 fuccboisucc420 the Skirmisher (level 3, -1/28 (29) HPs)
             Began as a Demonspawn Abyssal Knight on July 20, 2022.
             Was a Follower of Lugonu.
             Succumbed to Crazy Yiuf's poison
             ... on level 2 of the Dungeon.
             The game lasted 00:03:41 (1567 turns).

fuccboisucc420 the Skirmisher (DsAK)                Turns: 1567, Time: 00:03:42

HP:   -1/28 (29)    AC:  5    Str: 15    XL:     3   Next: 17%
MP:   4/4           EV: 11    Int: 11    God:    Lugonu [*.....]
Gold: 50            SH:  0    Dex: 13    Spells: 2/2 levels left

rFire   . . .      SeeInvis .   a - +2 mace
rCold   . . .      Faith    .   (no shield)
rNeg    . . .      Spirit   .   b - +0 leather armour
rPois   .          Reflect  .   e - +0 helmet
rElec   .          Harm     .   c - +0 cloak
rCorr   .          Rampage  .   (no gloves)
Will    .....                   (no boots)
Stlth   +.........              (no amulet)
HPRegen 0.09/turn               (no ring)
MPRegen 0.09/turn               (no ring)

@: lethally poisoned (-1 -> -10), lightly drained
A: weakness stinger 1
a: Renounce Religion, Depart the Abyss


You were on level 2 of the Dungeon.
You worshipped Lugonu.
Lugonu was aware of your devotion.
You visited 1 branch of the dungeon, and saw 3 of its levels.
You visited the Abyss 1 time.

You collected 50 gold pieces.

Inventory:

Hand Weapons
 a - a +2 mace (weapon)
Armour
 b - a +0 leather armour (worn)
 c - a +0 cloak (worn)
 e - a +0 helmet (worn)
Potions
 d - a potion of flight


   Skills:
 - Level 3.0 Fighting
 * Level 2.4 Maces & Flails
 * Level 2.5 Armour
 + Level 1.2 Dodging
 + Level 0.4 Stealth
 - Level 2.4 Invocations


You had 2 spell levels left.
You didn't know any spells.
Your spell library was empty.

Dungeon Overview and Level Annotations

Branches:
Dungeon (3/15)

Altars:

Annotations:
D:2 Crazy Yiuf


Innate Abilities, Weirdness & Mutations

You have a small tail.


Message History

The dart slug launches a dart at you.
The slug dart hits you but does no damage.
The dart slug bites you.
You thump the dart slug!
You kill the dart slug!
Lugonu accepts your kill.
There is a stone staircase leading up here.
You sock the fungus!
The fungus begins to die.
The fungus is lightly damaged.
You hit the fungus.
The fungus is lightly damaged.
A nearby fungus withers and dies.
You hit the fungus.
The fungus begins to die.
The fungus is lightly damaged.
A nearby fungus withers and dies.
Found a mace.
Found a runed translucent door.
Crazy Yiuf shouts!
You open the door. You hit Crazy Yiuf.
You tail-slap Crazy Yiuf, but do no damage.
Crazy Yiuf is moderately wounded.
Crazy Yiuf closely misses you.
You hit Crazy Yiuf.
Crazy Yiuf is moderately wounded.
Crazy Yiuf hits you but does no damage.
You hit Crazy Yiuf.
Crazy Yiuf is heavily wounded.
Crazy Yiuf misses you.
Crazy Yiuf hits you with a +3 quarterstaff of chaos!
You feel drained.
You hit Crazy Yiuf.
Crazy Yiuf is severely wounded.
Crazy Yiuf whimpers, "Lugonu testudinal arga!"
Crazy Yiuf hits you with a +3 quarterstaff of chaos!
Ouch! That really hurt!
* * * LOW HITPOINT WARNING * * *
You are lethally poisoned!
You hit Crazy Yiuf.
Crazy Yiuf is almost dead.
You die...

...[........##
#######.##
#............ #.#
########.#... #.#
####### #.# #.##
#..# ### ♣♣###.#
#)..#♣♣ ♣♣P....#
#...g@♣♣♣♣P.....#
#...#♣..♣......##
### ♣♣♣.♣....##
♣♣♣♣♣###


You could see Crazy Yiuf.

Vanquished Creatures
  An adder (D:2)
  A worm (D:2)
  2 dart slugs (D:2)
  A bat (D:1)
  2 giant cockroaches
  4 hobgoblins
  2 quokkas
  A frilled lizard (D:1)
  2 goblins
  2 rats (D:1)
18 creatures vanquished.

Vanquished Creatures (others)
  2 fungi (D:2)
2 creatures vanquished.

Grand Total: 20 creatures vanquished

Notes
Turn   | Place    | Note
-------+----------+-------------------------------------------
     0 | Abyss:1  | fuccboisucc420 the Demonspawn Abyssal Knight began the
                  | quest for the Orb.
     0 | Abyss:1  | Reached XP level 1. HP: 18/18 MP: 2/2
     0 | D:1      | Escaped the Abyss
   160 | D:1      | Reached * piety under Lugonu
   369 | D:1      | Reached skill level 1 in Dodging
   424 | D:1      | Gained mutation: You have a small tail. [demonic ancestry]
   424 | D:1      | Reached XP level 2. HP: 16/24 MP: 3/3
  1063 | D:2      | Reached XP level 3. HP: 11/29 MP: 4/4
  1558 | D:2      | Found a runed translucent door.
  1559 | D:2      | Noticed Crazy Yiuf
  1567 | D:2      | Succumbed to Crazy Yiuf's poison

Illustrated notes

Levels and vault maps discovered:
D:1:      minmay_arrival_open_corners, layout_loops_cross,
          minmay_misc_feat_rugged, minivault_25
D:2:      layout_rooms, kennysheep_nub, uniq_crazy_yiuf_cottage
D:3:      layout_rooms, nicolae_ru_the_path_less_chosen,
          minmay_stone_trees_large, minmay_quantized, uniq_robin, uniq_terence,
          uniq_jessica

Skill      XL: |  1  2 |
---------------+-------+-----
Maces & Flails | 2 |  2.4
Dodging        | 1 |  1.2
Armour         | 2 |  2.5
Fighting       | |  3.0
Stealth        | |  0.4
Invocations    | |  2.4

Action                   || total
-------------------------++-------
Melee: Mace              ||    73
       Punch             ||     1
       Tailslap          ||    10
Invok: Depart the Abyss  ||     1
  Use: Scroll            ||     3
       Potion            ||     2
Armor: Leather armour    ||    18
Dodge: Dodged            ||    48
